 Dungeon Sprint DCSS version 0.22-a0-246-gdc04c06 (webtiles) character file.

0 Lapis the Skirmisher (level 1, -3/21 HPs)
             Began as a Naga Fighter on Feb 22, 2018.
             Was an Initiate of Cheibriados.
             Slain by a worker ant (4 damage)
             ... while paralysed by a floating eye
             ... in the Dungeon (Sprint VII: "The Pits").
             The game lasted 00:00:52 (105 turns).

Lapis the Skirmisher (Naga Fighter)                  Turns: 105, Time: 00:00:53

Health: -3/21      AC:  4    Str: 24    XL:     1   Next: 10%
Magic:  1/1        EV:  1    Int:  9    God:    Cheibriados [......]
Gold:   0          SH:  0    Dex: 11    Spells: 0/0 levels left

rFire    . . .     SeeInvis +   q - +2 falchion
rCold    . . .     Gourm    .   c - +0 shield
rNeg     . . .     Faith    .   b - +0 scale mail
rPois    +         Spirit   .   (no helmet)
rElec    .         Reflect  .   (no cloak)
rCorr    .         Harm     .   (no gloves)
MR       .....     NoTele   +   (no barding)
Stlth    ..........             (no amulet)
HPRegen  0.07/turn              (no ring)
MPRegen  0.07/turn              (no ring)

@: paralysed, mighty, very slow
A: large, see invisible, deformed body, poison resistance, slowness 2, slow
metabolism 1, spit poison 1, AC +0
a: Spit Poison, Bend Time, Renounce Religion


You were in the Dungeon.
You worshipped Cheibriados.
Cheibriados was noncommittal.
You were not hungry.

You visited 1 branch

Inventory:

Hand Weapons
 a - a +0 long sword
 q - a +2 falchion (weapon)
Missiles
 p - 10 stones (quivered)
Armour
 b - a +0 scale mail (worn)
 c - a +0 shield (worn)
Scrolls
 k - a scroll of blinking
 m - 3 scrolls of remove curse
 n - 5 scrolls of amnesia
 o - a scroll of summoning
Potions
 e - a potion of curing
 g - a potion of heal wounds
 h - a potion of haste
 i - 4 potions of magic
 j - 3 potions of berserk rage
 l - 2 potions of invisibility
Comestibles
 f - 9 rations


   Skills:
 + Level 3.1 Fighting
 * Level 2.1 Long Blades
 + Level 2.5 Armour
 + Level 2.5 Shields


You couldn't memorise any spells.
You didn't know any spells.

Dungeon Overview and Level Annotations

Branches:
Dungeon (1/1)

Altars:
Ashenzari
Cheibriados
Dithmenos
Elyvilon
Fedhas
Gozag
Hepliaklqana
Kikubaaqudgha
Makhleb
Nemelex Xobeh
Okawaru
Qazlal
Ru
Sif Muna
Trog
Uskayaw
Vehumet
Wu Jian
Xom
Yredelemnul
Zin
The Shining One
Beogh
Jiyva
Lugonu


Innate Abilities, Weirdness & Mutations

You cannot wear boots.
Your serpentine skin is tough. (AC +0)
You have supernaturally acute eyesight. (SInv)
Armour fits poorly on your strangely shaped body.
Your system is resistant to poisons. (rPois)
You cover ground very slowly.
You have a slow metabolism.
You can spit poison.


Message History

The floating eye's view fixates on you. The worker ant bites you.
You hit the worker ant.
The worker ant is lightly wounded.
The worker ant bites you but does no damage.
You hit the worker ant.
The worker ant is heavily wounded.
The worker ant barely misses you.
You riposte.
You barely miss the worker ant.
The worker ant is heavily wounded.
The worker ant waves its antennae.
The worker ant bites you.
You closely miss the worker ant.
The worker ant is heavily wounded.
The floating eye gazes piercingly through you!
You suddenly lose the ability to move!
The worker ant bites you.
* * * LOW HITPOINT WARNING * * *
The worker ant bites you.
* * * LOW HITPOINT WARNING * * *
The worker ant barely misses you. The worker ant bites you.
You die...

############
#_________.#
#_________.#
#_______...###########+
##########+##..........
#.?|.+)))+.##......#..#
##########.##..........
#.....@.....+..........
#+#####a#####......#..#
G# #.......... .#
####+#####+ .#
#.......# ## #.......#
#.......# #...<...#
#.......#


You could see a floating eye and a worker ant.

Vanquished Creatures
  A ball python zombie (D)
1 creature vanquished.

Notes
Turn   | Place    | Note
-------+----------+-------------------------------------------
     0 | D        | Lapis the Naga Fighter began the quest for the Orb.
     0 | D        | Reached XP level 1. HP: 21/21 MP: 1/1
    33 | D        | Found a bloodstained altar of Trog.
    33 | D        | Found a deep blue altar of Sif Muna.
    33 | D        | Found a viscous altar of Jiyva.
    33 | D        | Found a hazy altar of Hepliaklqana.
    33 | D        | Found an opulent altar of Gozag.
    34 | D        | Found a glowing golden altar of the Shining One.
    34 | D        | Found a glowing silver altar of Zin.
    34 | D        | Found a basalt altar of Yredelemnul.
    34 | D        | Found a shimmering altar of Xom.
    34 | D        | Found an ornate altar of the Wu Jian Council.
    34 | D        | Found a sacrificial altar of Ru.
    34 | D        | Found a stormy altar of Qazlal.
    34 | D        | Found an iron altar of Okawaru.
    34 | D        | Found a sparkling altar of Nemelex Xobeh.
    34 | D        | Found a burning altar of Makhleb.
    34 | D        | Found a blossoming altar of Fedhas.
    34 | D        | Found a white marble altar of Elyvilon.
    34 | D        | Found a shadowy altar of Dithmenos.
    34 | D        | Found a snail-covered altar of Cheibriados.
    35 | D        | Found a radiant altar of Vehumet.
    35 | D        | Found a corrupted altar of Lugonu.
    35 | D        | Found a roughly hewn altar of Beogh.
    36 | D        | Found an ancient bone altar of Kikubaaqudgha.
    36 | D        | Found a hide-covered altar of Uskayaw.
    36 | D        | Found a shattered altar of Ashenzari.
    42 | D        | Became a worshipper of Cheibriados the Contemplative
    97 | D        | Noticed a worker ant
    97 | D        | Noticed a floating eye
   103 | D        | Paralysed by a floating eye for 4 turns
   104 | D        | HP: 1/21 [worker ant (4)]
   105 | D        | Slain by a worker ant

Vault maps used:
D:        pitsprint

Action                   || total
-------------------------++-------
Melee: Falchion          ||     5
  Use: Potion            ||     1
Armor: Scale mail        ||     3
Dodge: Dodged            ||     5
Block: Shield            ||     3
       Rpst.: Falchion   ||     1
       Long sword        ||     1

Table legend:
 A = Spawn XP
 B = Non-spawn XP
 C = Spawn XP percentage of total XP
 D = Spawn monster count
 E = Non-spawn monster count
 F = Spawn count percentage of total count
 G = Total turns spent on level
                    A         B        C        D         E        F      G
               +---------+---------+-------+---------+---------+-------+---------
         Total |       0 |       1 |   0.0 |       0 |       1 |   0.0 |   105
               +---------+---------+-------+---------+---------+-------+---------
             D |       0 |       1 |   0.0 |       0 |       1 |   0.0 |   105
               +---------+---------+-------+---------+---------+-------+---------
